 Dungeon Crawl Stone Soup version 0.30-a0-802-gb92711bcdf (webtiles) character file.

Game seed: 11402850459769137212

29 Sabo the Thaumaturge (level 3, -1/25 HPs)
             Began as a Gnoll Wanderer on Feb 24, 2023.
             Killed from afar by an orc wizard (10 damage)
             ... with a puff of flame
             ... on level 3 of the Dungeon.
             The game lasted 00:06:06 (1125 turns).

Sabo the Thaumaturge (Gnoll Wanderer)               Turns: 1125, Time: 00:06:07

Health: -1/25      AC:  5    Str:  7    XL:     3   Next: 16%
Magic:  15/15      EV: 11    Int: 18    God:
Gold:   124        SH:  4    Dex: 10    Spells: 23/24 levels left

rFire   . . .      SeeInvis .    a - +2 falchion
rCold   + + +      Faith    .    b - +0 buckler
rNeg    . . .      Spirit   .    l - +2 robe "Rohaqih" {Harm rPois rC+++ rCorr}
rPois   +          Reflect  .    (no helmet)
rElec   .          Harm     +    e - +0 cloak
rCorr   +          Rampage  .    (no gloves)
Will    .....                    (no boots)
Stlth   +                        (no amulet)
HPRegen 0.24/turn                (no ring)
MPRegen 0.14/turn                (no ring)

@: no status effects
A: fangs 1, strong nose, distributed training
a: no special abilities


You were on level 3 of the Dungeon.
You visited 1 branch of the dungeon, and saw 3 of its levels.

You collected 124 gold pieces.

Inventory:

Hand Weapons
 a - a +2 falchion (weapon)
Armour
 b - a +0 buckler (worn)
 e - a +0 cloak (worn)
 l - the +2 robe "Rohaqih" (worn) {Harm rPois rC+++ rCorr}
   (You found it on level 3 of the Dungeon)

   rC:        It renders you almost immune to cold.
   rPois:     It protects you from poison.
   rCorr:     It protects you from acid and corrosion.
   Harm:      It increases damage dealt and taken.
Magical Staves
 j - a staff of death
Scrolls
 f - a scroll of identify {unknown}
 h - a scroll of enchant weapon {unknown}
 k - a scroll of immolation {unknown}
Potions
 c - a potion of invisibility
 g - a potion of resistance


   Skills:
 + Level 0.7 Fighting
 + Level 0.7 Short Blades
 + Level 6.5 Long Blades
 + Level 0.7 Axes
 + Level 0.7 Maces & Flails
 + Level 0.7 Polearms
 + Level 0.7 Staves
 + Level 0.7 Ranged Weapons
 + Level 0.7 Throwing
 + Level 2.6 Armour
 + Level 0.7 Dodging
 + Level 0.7 Stealth
 + Level 2.6 Shields
 + Level 0.7 Unarmed Combat
 + Level 11.3 Spellcasting
 + Level 0.5 Conjurations
 + Level 0.5 Hexes
 + Level 0.5 Summonings
 + Level 0.5 Necromancy
 + Level 0.5 Translocations
 + Level 0.5 Transmutations
 + Level 0.5 Fire Magic
 + Level 0.5 Ice Magic
 + Level 0.5 Air Magic
 + Level 0.5 Earth Magic
 + Level 0.5 Poison Magic
 + Level 0.9 Invocations
 + Level 0.7 Evocations


You had 23 spell levels left.
You knew the following spells:

 Your Spells              Type           Power      Damage    Failure   Level
a - Apportation           Tloc           24%        N/A       8%          1

Your spell library contained the following spells:

 Spells                   Type           Power      Damage    Failure   Level
 Gell's Gravitas          Tloc           12%        N/A       22%         3
 Freezing Cloud           Conj/Ice/Air   6%         6-21      90%         5
 Simulacrum               Ice/Necr       6%         N/A       100%        6
 Polar Vortex             Ice            6%         N/A       100%        9


Dungeon Overview and Level Annotations

Branches:
Dungeon (2/15)

Altars:
Makhleb


Innate Abilities, Weirdness & Mutations

You have very sharp teeth.
Your uncanny sense of smell can sniff out nearby items.
Your experience applies equally to all skills.


Message History

The orc barely misses you. The orc wizard closely misses you.
The orc wizard barely misses you.
You hit the orc wizard.
The orc wizard is moderately wounded.
The orc hits you but does no damage.
The orc wizard hits you with a +0 dagger. x2
You closely miss the orc wizard.
The orc wizard is moderately wounded.
The orc barely misses you. The hobgoblin misses you. The orc wizard misses you.
The orc wizard closely misses you.
You barely miss the orc wizard.
The orc wizard is moderately wounded.
The orc barely misses you.
The hobgoblin hits you but does no damage.
The orc wizard hits you but does no damage.
The orc wizard hits you with a +0 dagger.
You hit the orc wizard but do no damage.
You bite the orc wizard, but do no damage.
The orc wizard is moderately wounded.
The orc completely misses you. The hobgoblin closely misses you.
The orc wizard hits you with a +0 dagger.
The orc wizard barely misses you.
You barely miss the orc wizard. Your bite misses the orc wizard.
The orc wizard is moderately wounded.
The orc hits you with a +0 club.
The orc wizard hits you but does no damage.
You block the hobgoblin's attack.
The orc wizard gestures at you while chanting.
You resist with significant effort.
You hit the orc wizard.
The orc wizard is heavily wounded.
The orc misses you.
The hobgoblin hits you but does no damage.
The orc wizard barely misses you.
The orc wizard hits you with a +0 dagger.
You slash the orc wizard!
You kill the orc wizard!
The orc wizard gestures at you while chanting.
The puff of flame hits you!
You die...

.! ... #g## #.# #....
#.# .o. #.# .oo#.#
#.###o#.# ........##
#.#######..#
#.....g@)o.#
######o#o#.#
#.#...##### .
#.#.###... . #...###.#
#####.
###..#..######.....
######................
##.................†...
#................†.....


You could see an orc wizard, 2 orcs and a hobgoblin.

Vanquished Creatures
  An orc wizard (D:3)
  An adder (D:3)
  2 worms
  4 bats
  An endoplasm (D:1)
  A goblin (D:2)
  A quokka (D:1)
  3 ball pythons
  2 frilled lizards (D:2)
  A kobold (D:3)
  A rat (D:3)
18 creatures vanquished.

Notes
Turn   | Place    | Note
-------+----------+-------------------------------------------
     0 | D:1      | Reached skill level 11 in Spellcasting
     0 | D:1      | Sabo the Gnoll Wanderer began the quest for the Orb.
     0 | D:1      | Sabo set off with the following items: a +2 falchion, a +0
                  | buckler, a potion of invisibility, a +0 robe; and the
                  | following spell memorised: Apportation; and the following
                  | spells available to memorise: Gell's Gravitas.
     0 | D:1      | Reached XP level 1. HP: 13/13 MP: 12/12
   608 | D:1      | Reached XP level 2. HP: 18/19 MP: 14/14
   932 | D:2      | You fall into a shaft and drop 1 floor!
  1013 | D:3      | Reached XP level 3. HP: 18/25 MP: 15/15
  1064 | D:3      | Identified the +2 robe "Rohaqih" {Harm rPois rC+++ rCorr}
  1105 | D:3      | Found a burning altar of Makhleb.
  1125 | D:3      | Killed from afar by an orc wizard

Illustrated notes

Levels and vault maps discovered:
D:1:      dpeg_arrival_simpleton_c, layout_basic
D:2:      layout_basic, minmay_misc_feat_roman, kennysheep_generic_room_13
D:3:      layout_rooms, mainiacjoe_overflow_cross_hatched, patterned_corridor

Skill      XL: | |
---------------+-+-----
Spellcasting   | | 11.3
Fighting       | |  0.7
Short Blades   | |  0.7
Long Blades    | |  6.5
Axes           | |  0.7
Maces & Flails | |  0.7
Polearms       | |  0.7
Staves         | |  0.7
Ranged Weapons | |  0.7
Throwing       | |  0.7
Armour         | |  2.6
Dodging        | |  0.7
Stealth        | |  0.7
Shields        | |  2.6
Unarmed Combat | |  0.7
Conjurations   | |  0.5
Hexes          | |  0.5
Summonings     | |  0.5
Necromancy     | |  0.5
Translocations | |  0.5
Transmutations | |  0.5
Fire Magic     | |  0.5
Ice Magic      | |  0.5
Air Magic      | |  0.5
Earth Magic    | |  0.5
Poison Magic   | |  0.5
Invocations    | |  0.9
Evocations     | |  0.7

Action                     || total
---------------------------++-------
  Melee: Falchion          ||    79
         Bite              ||     6
    Use: Potion            ||     1
 Armour: Robe              ||    21
         Ring mail         ||    24
  Dodge: Dodged            ||    47
  Block: Buckler           ||    17

Table legend: (Time is in decaauts)
 A = Elapsed time spent in this place.
 B = Non-inter-level travel time spent in this place.
 C = Inter-level travel time spent in this place.
 D = Time resting spent in this place.
 E = Time spent auto-exploring this place.
 F = Levels seen in this place.
 G = Mean time per level.
                   A        B        C        D        E       F      G
               +--------+--------+--------+--------+--------+-----+--------+
         Total |   1126 |   1126 |      0 |    195 |      0 |   3 |  375.3 |
       Dungeon |   1126 |   1126 |      0 |    195 |      0 |   3 |  375.3 |
               +--------+--------+--------+--------+--------+-----+--------+

Top non-repeatable levels by time:
     D:1: 785 daAuts
     D:3: 194 daAuts
     D:2: 147 daAuts
